 Dungeon Sprint DCSS version 0.31-a0-940-gdaa99269f9 (webtiles) character file.

Game seed: 14298519802814353903

9 sircluck the Ruffian (level 2, 0/46 HPs)
             Began as a Troll Berserker on Oct 20, 2023.
             Was a Follower of Trog.
             Slain by an ice devil (8 damage)
             ... in the Dungeon (Sprint VII: "The Pits").
             The game lasted 00:00:09 (54 turns).

sircluck the Ruffian (Troll Berserker)                Turns: 54, Time: 00:00:09

Health: 0/46       AC:  4    Str: 24    XL:     2   Next: 3%
Magic:  1/1        EV: 10    Int:  3    God:    Trog [*.....]
Gold:   0          SH:  0    Dex:  9    Spells: 1/1 levels left

rFire   . .          .
                       - Unarmed
rCold   . . .        (no shield)
rNeg    . . .        a - +0 animal skin
rPois   .            (helmet restricted)
rElec   .            (no cloak)
rCorr   .            (gloves unavailable)
SInv    .            (boots unavailable)
Will    .....        (no amulet) Stlth
                     (no ring)
HPRegen 1.07/turn    (no ring)
MPRegen 0.07/turn

%: no teleportation
@: berserking (expiring), very quick
A: large, unfitting armour, claws 3, regeneration 1, shaggy fur 1, tough skin 1
a: Renounce Religion, Berserk


You were in the Dungeon.
You worshipped Trog.
Trog was aware of your devotion.
You visited 1 branch

Inventory:

Armour
 a - a +0 animal skin (worn)
Scrolls
 g - a scroll of blinking
Potions
 b - a potion of curing
 c - a potion of heal wounds
 d - a potion of haste
 e - 2 potions of magic
 f - a potion of berserk rage


   Skills:
 + Level 3.1 Fighting
 + Level 3.1 Dodging
 + Level 3.8 Unarmed Combat


You had one spell level left.
You didn't know any spells.
Your spell library was empty.

Dungeon Overview and Level Annotations

Branches:
Dungeon (1/1)

Altars:


Innate Abilities, Weirdness & Mutations

You are too large for most types of armour.
You have claws for hands.
Your natural rate of healing is unusually fast.
You are covered in fur. (AC +1)
You have tough skin. (AC +1)


Message History

There is a huge open gate here.
There is a huge open gate leading to the Armoury (Hard) here.
You open the door.
An adder comes into view.
The adder hisses angrily.
The adder bites you.
You are poisoned.
The adder poisons you! The adder bites you but does no damage.
There is an open door to the Storerooms (Easy) here.
You barely miss the adder.
You feel sick. The adder completely misses you.
You miss the adder.
You feel sick. The adder bites you but does no damage.
You closely miss the adder.
You feel sick. The adder bites you.
A red film seems to cover your vision as you go berserk!
You feel yourself moving faster!
You feel mighty!
You feel sick. The adder misses you. The adder bites you but does no damage.
You claw the adder! You claw the adder.
You kill the adder!
Trog accepts your kill.
You feel sick.
You are no longer poisoned.
Your Fighting skill increases to level 3!
Your Dodging skill increases to level 3!
You have reached level 2!
You closely miss the ice devil. The ice devil closely misses you.
You closely miss the ice devil. Your claw misses the ice devil.
You mangle the ice devil!!
The ice devil is heavily wounded.
The ice devil misses you.
You barely miss the ice devil.
The ice devil is heavily wounded.
The ice devil hits you! The ice devil freezes you!!
* * * LOW HITPOINT WARNING * * *
You barely miss the ice devil.
The ice devil is heavily wounded.
You mangle the ice devil!!
The ice devil is almost dead.
The ice devil hits you.
* * * LOW HITPOINT WARNING * * *
The ice devil freezes you!
You die...

##########++#####
#................ +
#......#..#......
#####.##................
......†@4...............
##+#####......#..#......
#................
####'#####++#####
#.......# #.......#
#.......# #...<...#
#.......#


You could see an ice devil.

Vanquished Creatures
  An adder (D)
1 creature vanquished.

Notes
Turn   | Place    | Note
-------+----------+-------------------------------------------
     0 | D        | sircluck the Troll Berserker began the quest for the Orb.
     0 | D        | Reached XP level 1. HP: 22/22 MP: 0/0
    24 | D        | Noticed an ice devil
    49 | D        | Reached XP level 2. HP: 31/31 MP: 1/1
    54 | D        | Slain by an ice devil

Illustrated notes

Levels and vault maps discovered:
D:        pitsprint [storerooms_1, entrance_room_1, metal_vault_4, armoury_1,
          mini_pit_1, grid_room_1, main_hall_1, silver_pit, the_coven_3,
          the_vestibule_1, steel_vault_2, golden_pit, hallway_of_sentries,
          crystal_vault_2, iron_vault_4, final_vault]

Skill      XL: |  1 |
---------------+----+-----
Fighting       | 3 |  3.1
Dodging        | 3 |  3.1
Unarmed Combat | |  3.8

Action                     || total
---------------------------++-------
  Melee: Unarmed           ||    10
         Punch             ||     1
 Invoke: Berserk           ||     1
 Armour: Animal skin       ||     7
  Dodge: Dodged            ||     4

Table legend: (Time is in decaauts)
 A = Elapsed time spent in this place.
 B = Non-inter-level travel time spent in this place.
 C = Inter-level travel time spent in this place.
 D = Time resting spent in this place.
 E = Time spent auto-exploring this place.
 F = Levels seen in this place.
 G = Mean time per level.
                   A        B        C        D        E       F      G
               +--------+--------+--------+--------+--------+-----+--------+
         Total |     51 |     51 |      0 |      0 |      0 |   1 |   51.0 |
       Dungeon |     51 |     51 |      0 |      0 |      0 |   1 |   51.0 |
               +--------+--------+--------+--------+--------+-----+--------+

Top non-repeatable levels by time:
       D: 51 daAuts
